 Dungeon Crawl Stone Soup version 0.23.2-33-g5129a83184 (webtiles) character file.

Game seed: 17263414274329406473

247 funkygono the Shield-Bearer (level 5, 0/47 HPs)
             Began as a Minotaur Fighter on June 29, 2019.
             Slain by an ogre
             ... wielding a +0 giant club
              (14 damage)
             ... on level 4 of the Dungeon.
             The game lasted 00:03:37 (1928 turns).

funkygono the Shield-Bearer (Minotaur Fighter)      Turns: 1928, Time: 00:03:38

Health: 0/47       AC:  7    Str: 21    XL:     5   Next: 85%
Magic:  4/4        EV:  8    Int:  5    God:
Gold:   185        SH: 10    Dex: 10    Spells: 4/4 levels left

rFire    . . .     SeeInvis .   a - +1 flail
rCold    . . .     Gourm    .   c - +0 shield
rNeg     . . .     Faith    .   b - +0 scale mail
rPois    .         Spirit   .   (helmet restricted)
rElec    .         Reflect  .   (no cloak)
rCorr    .         Harm     .   (no gloves)
MR       .....                  (no boots)
Stlth    ..........             (no amulet)
HPRegen  0.15/turn              (no ring)
MPRegen  0.09/turn              (no ring)

@: no status effects
A: retaliatory headbutt, horns 2
a: no special abilities


You were on level 4 of the Dungeon.
You were not hungry.

You visited 1 branch of the dungeon, and saw 4 of its levels.

You collected 185 gold pieces.

Inventory:

Hand Weapons
 a - a +1 flail (weapon)
Armour
 b - a +0 scale mail (worn)
 c - a +0 shield (worn)
Potions
 d - a potion of might
 e - 3 potions of agility
 h - 2 potions of resistance
 i - 2 potions of haste
 k - a potion of mutation
 m - a potion of heal wounds {unknown}
 n - a potion of curing {unknown}
Comestibles
 f - 3 rations
 g - 2 chunks of flesh


   Skills:
 + Level 4.6 Fighting
 + Level 4.6 Maces & Flails
 + Level 4.8 Armour
 + Level 1.5 Dodging
 + Level 4.9 Shields


You had 4 spell levels left.
You didn't know any spells.
Your spell library contained the following spells:

 Spells                   Type           Power        Failure   Level  Hunger
 Magic Dart               Conj           #...         99%         1    ##.....
 Blink                    Tloc           N/A          100%        2    ###....
 Call Imp                 Summ           #.......     100%        2    ###....
 Slow                     Hex            #.......     100%        2    ###....
 Conjure Flame            Conj/Fire      #.......     100%        3    ####...
 Mephitic Cloud           Conj/Pois/Air  #.......     100%        3    ####...


Dungeon Overview and Level Annotations

Branches:
Dungeon (4/15)
 Temple: D:4-7

Altars:
Cheibriados
Hepliaklqana
Xom


Innate Abilities, Weirdness & Mutations

You reflexively headbutt those who attack you in melee.
You have a pair of horns on your head.


Message History

The scorpion is heavily wounded.
The scorpion stings you but does no damage.
The ogre hits you with a +0 giant club.
You sock the scorpion!
You kill the scorpion!
You block the ogre's attack.
You hit the ogre.
The ogre is lightly wounded.
The ogre hits you with a +0 giant club!
* * * LOW HITPOINT WARNING * * *
You hit the ogre.
The ogre is moderately wounded.
You block the ogre's attack.
You sock the ogre!
The ogre is severely wounded.
The ogre completely misses you.
You sock the ogre! Your headbutt misses the ogre.
The ogre is almost dead.
The ogre hits you with a +0 giant club!
You die...

.. ..# ... #.###
#....####
#.$.....#
###....##.#######
.......O@.......#
##..#..##.#####.#
#..
#.#####.######+#
#..
#..............#
##.
..##.##.#########
## ####
#.#......<#
#.##.#.#...###
#......#####
...[..#.........


You could see an ogre.

Vanquished Creatures
  A scorpion (D:4)
  2 orc wizards (D:2)
  A worker ant (D:2)
  7 adders
  2 dart slugs
  A leopard gecko (D:1)
  2 orcs (D:2)
  10 bats
  3 giant cockroaches
  6 goblins
  5 hobgoblins
  A quokka (D:2)
  2 ball pythons
  7 frilled lizards
  6 kobolds
  5 rats
61 creatures vanquished.

Notes
Turn   | Place    | Note
-------+----------+-------------------------------------------
     0 | D:1      | funkygono the Minotaur Fighter began the quest for the Orb.
     0 | D:1      | Reached XP level 1. HP: 19/19 MP: 0/0
   157 | D:1      | Reached XP level 2. HP: 26/27 MP: 1/1
   668 | D:2      | Reached XP level 3. HP: 31/33 MP: 2/2
   794 | D:2      | Reached XP level 4. HP: 39/41 MP: 3/3
   803 | D:2      | Reached skill level 1 in Dodging
   913 | D:2      | Found a snail-covered altar of Cheibriados.
  1034 | D:2      | Found a faded altar of an unknown god.
  1095 | D:2      | Reached XP level 5. HP: 47/47 MP: 4/4
  1212 | D:2      | Found a hazy altar of Hepliaklqana.
  1783 | D:3      | Found a shimmering altar of Xom.
  1791 | D:3      | Found a shimmering altar of Xom.
  1792 | D:3      | Found a shimmering altar of Xom.
  1793 | D:3      | Found a shimmering altar of Xom.
  1794 | D:3      | Found a shimmering altar of Xom.
  1794 | D:3      | Found a shimmering altar of Xom.
  1920 | D:4      | Noticed an ogre
  1928 | D:4      | Slain by an ogre

Skill      XL: |  1  2  3  4  5 |
---------------+----------------+-----
Armour         | 4 |  4.8
Fighting       | 4 |  4.6
Shields        | 4 |  4.9
Maces & Flails | 3 4 |  4.6
Dodging        | 1 |  1.5

Action                   |  1- 3 |  4- 6 || total
-------------------------+-------+-------++-------
Melee: Flail             |    57 |    82 ||   139
       Headbutt          |     9 |    14 ||    23
  Use: Scroll            |     2 |     5 ||     7
  Eat: Chunk             |       |     3 ||     3
Armor: Scale mail        |    27 |    25 ||    52
Dodge: Dodged            |    20 |    27 ||    47
Block: Shield            |    38 |    45 ||    83
